 Dungeon Crawl Stone Soup version 0.31-a0-175-g9f7f995f2b (webtiles) character file.

Game seed: 2961350858560907480

695 qw the Skirmisher (level 7, -4/43 HPs)
             Began as a Gargoyle Hunter on June 17, 2023.
             Was an Initiate of Okawaru.
             Killed from afar by an orc wizard (5 damage)
             ... with a magic dart
             ... on level 4 of the Dungeon.
             The game lasted 00:01:59 (4422 turns).

qw the Skirmisher (Gargoyle Hunter)                 Turns: 4422, Time: 00:02:00

Health: -4/43      AC: 12    Str: 13    XL:     7   Next: 64%
Magic:  7/7        EV: 17    Int: 14    God:    Okawaru [......]
Gold:   197        SH:  0    Dex: 14    Spells: 6/6 levels left

rFire   + . .        l - +1 shortbow (heavy)
rCold   . . .        (shield currently unavailable)
rNeg    + . .        q - +2 robe {Will+}
rPois   inf          k - +0 helmet
rElec   +            (no cloak)
rCorr   .            j - +0 pair of gloves
SInv    .            a - +0 pair of boots
Will    +....        (no amulet)
Stlth   ++           b - +5 ring of evasion
HPRegen 0.27/turn    o - ring of protection from fire
MPRegen 0.10/turn

%: no passive effects
@: no status effects
A: sickness immunity, AC +4, negative energy resistance 1, electricity
resistance, torment resistance 1, petrification resistance, claws 1, clever 1,
wild magic 1, MP-powered wands
a: Renounce Religion


You were on level 4 of the Dungeon.
You worshipped Okawaru.
Okawaru was noncommittal.
You visited 2 branches of the dungeon, and saw 6 of its levels.

You collected 197 gold pieces.


Innate Abilities, Weirdness & Mutations

You are immune to sickness and miasma.
Your stone body is resilient. (AC +4)
You are immune to poison.
You resist negative energy. (rN+)
You are resistant to electric shocks. (rElec)
You are resistant to unholy torment.
You are immune to petrification.
You have sharp fingernails.
Your mind is acute. (Int +4, Str/Dex -1)
Your spells are a little harder to cast, but a little more powerful.
You expend magic power (3 MP) to strengthen your wands.


   Skills:
 - Level 4.1 Fighting
 - Level 8.0 Ranged Weapons
 - Level 2.3 Armour
 + Level 1.7 Dodging
 - Level 1.1 Stealth


You had 6 spell levels left.
You didn't know any spells.
Your spell library was empty.

Inventory:

Hand Weapons
 l - a +1 heavy shortbow (weapon)
Armour
 a - a +0 pair of boots (worn)
 j - a +0 pair of gloves (worn)
 k - a +0 helmet (worn)
 q - a +2 robe of willpower (worn)
Jewellery
 b - a +5 ring of evasion (left hand)
 c - a ring of protection from fire
 o - a ring of protection from fire (right hand)
 t - a ring of positive energy
Scrolls
 n - a scroll of identify
Potions
 d - 2 potions of curing
 e - a potion of enlightenment
 f - a potion of magic
 g - 4 potions of mutation
 h - a potion of lignification
 i - a potion of brilliance {unknown}
 m - a potion of resistance {unknown}
 p - a potion of degeneration {unknown}
 s - a potion of heal wounds {unknown}

Dungeon Overview and Level Annotations

Branches:
Dungeon (5/15)             Temple (1/1) D:5

Altars:
Dithmenos
Fedhas
Gozag
Okawaru
Sif Muna
Trog
Uskayaw
Zin

Shops:
D:5 *


Message History

You resist with some effort.
You shoot an arrow. The arrow hits the orc priest.
The orc priest is severely wounded.
The sleepcap misses you.
The orc priest hits you but does no damage.
Something hits you but does no damage.
The orc priest hits you but does no damage.
Something closely misses you. The sleepcap releases spores at you.
The orc hits you with a +0 hand axe.
4418 ||| STAIRDANCE The sleepcap misses you.
The orc hits you with a +0 hand axe.
The orc priest calls down the wrath of Beogh upon you.
Beogh smites you! Something hits you.
You climb upwards.
Reactivating autopickup.
There is a stone staircase leading down here.
You shoot an arrow.
The arrow hits the orc priest but does no damage.
The orc priest is severely wounded.
Something hits you but does no damage.
Deactivating autopickup; reactivate with Ctrl-A.
The sleepcap closely misses you. The orc priest barely misses you.
The orc hits you but does no damage.
Autopickup is now on.
You shoot an arrow. The arrow barely misses the orc priest.
You hear some strange, mumbled words.
A magic dart appears from out of thin air!
Deactivating autopickup; reactivate with Ctrl-A.
The magic dart hits you but does no damage.
The orc priest hits you with a +0 short sword.
The orc completely misses you. The sleepcap closely misses you.
The orc hits you with a +0 hand axe. The sleepcap misses you.
Something hits you but does no damage.
The orc priest hits you with a +0 short sword.
You shoot an arrow.
The arrow closely misses the orc priest.
You hear some strange, mumbled words.
A magic dart appears from out of thin air!
The magic dart hits you.
You die...

#...~~~~~~~~~~~~~~~............##
#.~~~~~~~~~~~PP~~~7..............
..7~~~~~~~~~P~PP~~.....?.......##
.##7PP~~~P~~~~~7~.......))......#
..##~~~~~~~~~77~.....)...)[[...#.
.....~P~~~~7777...#.............#
......7~~~P777#.................#
.......~P777#.#.f......<.........
........77 ##.#o@................
.........###..##o{..##........#.#
####'#####....##................#
+.......'.##..##.................
#.~...~.#...#.#.................#
#.~._¤¤¤#.....#.................#
#.~..¤~.##....#...............(..
+....¤¤¤+.........##..........#.#
####+#####..........##........###


You could see a sleepcap, an orc priest and an orc.

Vanquished Creatures
  2 kobold brigands (D:4)
  Blork the orc (D:4)
  A scorpion (D:4)
  4 orc priests
  Natasha (thrice) (D:2)
  2 orc wizards (D:4)
  5 gnolls
  2 adders
  3 worms
  2 dart slugs
  17 orcs
  3 ball pythons
  3 endoplasms
  A giant cockroach (D:3)
  4 goblins
  10 hobgoblins
  2 jackals (D:3)
  6 quokkas
  4 bats
  4 frilled lizards
  13 kobolds
  7 rats
99 creatures vanquished.

Vanquished Creatures (others)
  An ufetubus (Temple)
1 creature vanquished.

Grand Total: 100 creatures vanquished

Notes
Turn   | Place    | Note
-------+----------+-------------------------------------------
     0 | D:1      | qw the Gargoyle Hunter began the quest for the Orb.
     0 | D:1      | Reached XP level 1. HP: 12/12 MP: 1/1
     0 | D:1      | 0 ||| qw: Version: 0.3-a-2-g5ab2908
     0 | D:1      | 0 ||| qw: Game counter: 114
     0 | D:1      | 0 ||| qw: Always use a shield: true
     0 | D:1      | 0 ||| qw: God list: Okawaru
     0 | D:1      | 0 ||| qw: Allow faded altars: false
     0 | D:1      | 0 ||| qw: Do Orc after D:15 true
     0 | D:1      | 0 ||| qw: Do second Lair branch before Depths: true
     0 | D:1      | 0 ||| qw: Lair rune preference: random
     0 | D:1      | 0 ||| qw: Plans: Normal, Zot:1-4, Slime:5, God:TSO, Crypt,
                  | Tomb, Abyss, Pan, Hells, Win
     0 | D:1      | 0 ||| PLANNING D:1-11
   177 | D:1      | Reached XP level 2. HP: 17/17 MP: 2/2
   447 | D:1      | Reached XP level 3. HP: 21/21 MP: 3/3
   545 | D:1      | Reached skill level 5 in Ranged Weapons
   789 | D:1      | 789 ||| UPGRADING to +0 pair of gloves.
   794 | D:1      | 794 ||| UPGRADING to +0 helmet.
   799 | D:1      | 799 ||| READING scroll labelled XIDIZXU XESCH.
   800 | D:1      | 800 ||| READING scroll labelled VODURUP BAUNI.
   801 | D:1      | 801 ||| READING scroll labelled DIOBBAT LUTO.
   802 | D:1      | 802 ||| DRINKING 2 bubbling black potions.
   802 | D:1      | Gained mutation: You expend magic power (3 MP) to
                  | strengthen your wands. [potion of mutation]
   802 | D:1      | Gained mutation: You have sharp fingernails. [potion of
                  | mutation]
   802 | D:1      | Gained mutation: Your mind is acute. (Int +4, Str/Dex -1)
                  | [potion of mutation]
   802 | D:1      | Gained mutation: Your spells are a little harder to cast,
                  | but a little more powerful. [potion of mutation]
   803 | D:1      | 803 ||| DROPPING scroll of butterflies.
  1033 | D:2      | HP: 5/22 [gnoll/+0 club (8)]
  1040 | D:2      | Reached skill level 3 in Fighting
  1041 | D:2      | HP: 3/23 [gnoll/+0 whip (2)]
  1043 | D:2      | Reached skill level 1 in Armour
  1043 | D:2      | Reached XP level 4. HP: 5/28 MP: 4/4
  1495 | D:2      | Noticed Natasha
  1502 | D:2      | Killed Natasha
  1503 | D:2      | Reached XP level 5. HP: 32/32 MP: 5/5
  1653 | D:2      | Noticed Natasha
  1659 | D:2      | Killed Natasha
  1685 | D:2      | 1685 ||| UPGRADING to +0 ring mail.
  1695 | D:2      | 1695 ||| DROPPING +0 leather armour.
  1696 | D:2      | 1696 ||| UPGRADING to +5 ring of evasion.
  1697 | D:2      | 1697 ||| UPGRADING to ring of protection from fire.
  1698 | D:2      | 1698 ||| READING scroll labelled KAESHEIXEO.
  1699 | D:2      | 1699 ||| READING scroll labelled TYREYDA JIPUG.
  1800 | D:2      | 1800 ||| READING scroll labelled GYKITA LOVAD.
  1803 | D:2      | 1803 ||| DRINKING 3 ruby potions.
  1804 | D:2      | 1804 ||| DRINKING 2 fizzy blue potions.
  1805 | D:2      | 1805 ||| READING 2 scrolls of identify.
  1805 | D:2      | 1805 ||| IDENTIFYING bubbling orange potion
  1805 | D:2      | Noticed Natasha
  1816 | D:2      | Killed Natasha
  1817 | D:2      | Reached skill level 6 in Ranged Weapons
  1874 | D:3      | 1874 ||| STAIRDANCE
  2338 | D:3      | 2338 ||| Stepping ~*~*~tactically~*~*~ (outnumbered).
  2350 | D:3      | Reached XP level 6. HP: 28/38 MP: 6/6
  2354 | D:3      | 2354 ||| FLEEEEING.
  2355 | D:3      | 2355 ||| FLEEEEING.
  2356 | D:3      | 2356 ||| FLEEEEING.
  2357 | D:3      | 2357 ||| FLEEEEING.
  2358 | D:3      | 2358 ||| FLEEEEING.
  2359 | D:3      | 2359 ||| FLEEEEING.
  2360 | D:3      | 2360 ||| FLEEEEING.
  2363 | D:3      | 2363 ||| FLEEEEING.
  2364 | D:3      | 2364 ||| FLEEEEING.
  2365 | D:3      | 2365 ||| FLEEEEING.
  2366 | D:3      | 2366 ||| FLEEEEING.
  2368 | D:3      | 2368 ||| FLEEEEING.
  2369 | D:3      | 2369 ||| FLEEEEING.
  2370 | D:3      | 2370 ||| FLEEEEING.
  2371 | D:3      | 2371 ||| FLEEEEING.
  2375 | D:3      | 2375 ||| FLEEEEING.
  2378 | D:3      | 2378 ||| FLEEEEING.
  2379 | D:3      | 2379 ||| FLEEEEING.
  2380 | D:3      | 2380 ||| FLEEEEING.
  2381 | D:3      | 2381 ||| FLEEEEING.
  2382 | D:3      | 2382 ||| FLEEEEING.
  2582 | D:3      | 2582 ||| UPGRADING to +0 pair of boots.
  2587 | D:3      | 2587 ||| READING scroll labelled ERUOXIQEWK.
  2588 | D:3      | 2588 ||| READING scroll labelled XEHUNACSOC.
  2589 | D:3      | 2589 ||| READING 2 scrolls of identify.
  2589 | D:3      | 2589 ||| IDENTIFYING smoky pink potion
  2601 | D:4      | 2601 ||| PLANNING OSSUARY
  2638 | D:4      | 2638 ||| FLEEEEING.
  2639 | D:4      | 2639 ||| FLEEEEING.
  2764 | D:4      | Noticed Blork the orc
  2778 | D:4      | Killed Blork the orc
  2963 | D:4      | 2963 ||| FLEEEEING.
  2964 | D:4      | 2964 ||| FLEEEEING.
  2965 | D:4      | 2965 ||| FLEEEEING.
  2966 | D:4      | 2966 ||| FLEEEEING.
  2967 | D:4      | 2967 ||| FLEEEEING.
  2968 | D:4      | 2968 ||| FLEEEEING.
  2969 | D:4      | 2969 ||| FLEEEEING.
  2970 | D:4      | 2970 ||| FLEEEEING.
  2971 | D:4      | 2971 ||| FLEEEEING.
  2972 | D:4      | 2972 ||| FLEEEEING.
  2973 | D:4      | 2973 ||| FLEEEEING.
  2974 | D:4      | 2974 ||| FLEEEEING.
  2975 | D:4      | 2975 ||| FLEEEEING.
  2976 | D:4      | 2976 ||| FLEEEEING.
  2977 | D:4      | 2977 ||| FLEEEEING.
  2978 | D:4      | 2978 ||| FLEEEEING.
  2979 | D:4      | 2979 ||| FLEEEEING.
  2980 | D:4      | 2980 ||| FLEEEEING.
  2981 | D:4      | 2981 ||| FLEEEEING.
  2982 | D:4      | 2982 ||| FLEEEEING.
  2983 | D:4      | 2983 ||| FLEEEEING.
  2984 | D:4      | 2984 ||| FLEEEEING.
  2985 | D:4      | 2985 ||| FLEEEEING.
  2986 | D:4      | 2986 ||| FLEEEEING.
  2987 | D:4      | 2987 ||| FLEEEEING.
  2988 | D:4      | 2988 ||| FLEEEEING.
  2989 | D:4      | 2989 ||| FLEEEEING.
  2990 | D:4      | 2990 ||| FLEEEEING.
  2991 | D:4      | 2991 ||| FLEEEEING.
  2992 | D:4      | 2992 ||| FLEEEEING.
  2993 | D:4      | 2993 ||| FLEEEEING.
  2994 | D:4      | 2994 ||| FLEEEEING.
  2995 | D:4      | 2995 ||| FLEEEEING.
  2996 | D:4      | 2996 ||| FLEEEEING.
  2997 | D:4      | 2997 ||| FLEEEEING.
  2998 | D:4      | 2998 ||| FLEEEEING.
  2999 | D:4      | 2999 ||| FLEEEEING.
  3000 | D:4      | 3000 ||| FLEEEEING.
  3001 | D:4      | 3001 ||| FLEEEEING.
  3085 | D:4      | Found a glowing silver altar of Zin.
  3093 | D:4      | Reached XP level 7. HP: 43/43 MP: 7/7
  3104 | D:4      | Reached skill level 7 in Ranged Weapons
  3267 | D:4      | 3267 ||| RIP OSSUARY
  3369 | D:4      | 3369 ||| PLANNING D:1-11
  3388 | D:4      | 3388 ||| UPGRADING to +2 robe of willpower.
  3393 | D:4      | 3393 ||| UPGRADING to +0 ring mail.
  3398 | D:4      | 3398 ||| UPGRADING to +2 robe of willpower.
  3408 | D:4      | 3408 ||| DROPPING +0 ring mail.
  3640 | D:4      | Reached skill level 8 in Ranged Weapons
  3678 | D:4      | 3678 ||| READING scroll labelled DISCHA MOMMYGOA.
  4074 | D:5      | Entered Level 5 of the Dungeon
  4117 | D:5      | Found a staircase to the Ecumenical Temple.
  4118 | D:5      | 4118 ||| PLANNING TEMPLE
  4126 | Temple   | Entered the Ecumenical Temple
  4126 | Temple   | Noticed a ynoxinul
  4126 | Temple   | Noticed a hell beast
  4127 | Temple   | Noticed a red devil
  4127 | Temple   | Noticed Munyeret the pandemonium lord
  4127 | Temple   | Noticed Sepp the pandemonium lord
  4130 | Temple   | Noticed Qoets the pandemonium lord
  4130 | Temple   | Noticed an ice devil
  4131 | Temple   | Noticed a chaos spawn
  4170 | Temple   | Noticed a red devil
  4171 | Temple   | Noticed Urghen the pandemonium lord
  4172 | Temple   | Noticed an ice devil
  4174 | Temple   | Noticed a reaper
  4189 | Temple   | Noticed Osycvac the pandemonium lord
  4198 | Temple   | Noticed a tormentor
  4198 | Temple   | Noticed a smoke demon
  4199 | Temple   | Noticed Xiar Ugo the pandemonium lord
  4202 | Temple   | Noticed a soul eater
  4211 | Temple   | 4211 ||| PLANNING OKAWARU WORSHIP
  4218 | Temple   | Became a worshipper of Warmaster Okawaru
  4219 | Temple   | 4219 ||| PLANNING D:1-11
  4273 | D:5      | Found an opulent altar of Gozag.
  4274 | D:5      | Found Gozag's Platinum Reserve.
  4359 | D:5      | 4359 ||| FLEEEEING.
  4360 | D:5      | 4360 ||| FLEEEEING.
  4361 | D:5      | 4361 ||| FLEEEEING.
  4362 | D:5      | 4362 ||| FLEEEEING.
  4363 | D:5      | 4363 ||| FLEEEEING.
  4365 | D:5      | 4365 ||| FLEEEEING.
  4366 | D:5      | 4366 ||| FLEEEEING.
  4367 | D:5      | 4367 ||| FLEEEEING.
  4368 | D:5      | 4368 ||| FLEEEEING.
  4369 | D:5      | 4369 ||| FLEEEEING.
  4372 | D:5      | 4372 ||| FLEEEEING.
  4373 | D:5      | 4373 ||| FLEEEEING.
  4374 | D:5      | 4374 ||| FLEEEEING.
  4375 | D:5      | 4375 ||| FLEEEEING.
  4376 | D:5      | 4376 ||| FLEEEEING.
  4378 | D:5      | 4378 ||| FLEEEEING.
  4379 | D:5      | 4379 ||| FLEEEEING.
  4380 | D:5      | 4380 ||| FLEEEEING.
  4381 | D:5      | 4381 ||| FLEEEEING.
  4382 | D:5      | 4382 ||| FLEEEEING.
  4384 | D:5      | 4384 ||| FLEEEEING.
  4385 | D:5      | 4385 ||| FLEEEEING.
  4386 | D:5      | 4386 ||| FLEEEEING.
  4387 | D:5      | 4387 ||| FLEEEEING.
  4388 | D:5      | 4388 ||| FLEEEEING.
  4389 | D:5      | 4389 ||| FLEEEEING.
  4390 | D:5      | 4390 ||| FLEEEEING.
  4391 | D:5      | 4391 ||| FLEEEEING.
  4392 | D:5      | 4392 ||| STAIRDANCE
  4418 | D:5      | 4418 ||| STAIRDANCE
  4421 | D:4      | HP: 6/43 [orc/+0 hand axe (5)]
  4421 | D:4      | HP: 1/43 [orc priest/+0 short sword (5)]
  4422 | D:4      | Killed from afar by an orc wizard

Levels and vault maps discovered:
D:1:      scummos_arrival_simple_crosswalls, layout_basic
D:2:      layout_basic, uniq_natasha
D:3:      layout_loops_ring
D:4:      cheibrodos_thug_alley, layout_layer_cave,
          mainiacjoe_overflow_six_doors_small, enter_ossuary_5,
          serial_bayou_lagoon_b, uniq_blork_the_orc
D:5:      layout_cave_pools, nicolae_gozag_zags_fifth_avenue, minitemple,
          minmay_temple_entry_junction
Temple:   nicolae_temple_panitentiary

Skill      XL: |  1  2  3  4  5  6  7 |
---------------+----------------------+-----
Ranged Weapons | 5 6 8 |  8.0
Fighting       | 3 4 |  4.1
Armour         | 1 2 |  2.3
Dodging        | |  1.7
Stealth        | |  1.1

Action                     |  1- 3 |  4- 6 |  7- 9 || total
---------------------------+-------+-------+-------++-------
   Fire: Shortbow          |    73 |   192 |    57 ||   322
    Use: Scroll            |     3 |     7 |     1 ||    11
         Potion            |     1 |     2 |       ||     3
 Armour: Leather armour    |     2 |     6 |       ||     8
         Ring mail         |       |    34 |       ||    34
         Robe              |       |       |    12 ||    12
  Dodge: Dodged            |    19 |    98 |    14 ||   131

Table legend:
 A = Non-vault XP
 B = Vault XP
 C = Vault XP percentage of total XP
 D = Non-vault monster count
 E = Vault monster count
 F = Vault count percentage of total count
                 A         B        C        D         E       F
            +---------+---------+-------+---------+---------+-------
      Total |     645 |     349 |  35.1 |      87 |      12 |  12.1
            +---------+---------+-------+---------+---------+-------
        D:1 |      44 |       0 |   0.0 |      19 |       0 |   0.0
        D:2 |     163 |      35 |  17.7 |      18 |       1 |   5.3
        D:3 |      97 |       0 |   0.0 |      27 |       0 |   0.0
        D:4 |     319 |     314 |  49.6 |      19 |      11 |  36.7
        D:5 |      22 |       0 |   0.0 |       4 |       0 |   0.0
            +---------+---------+-------+---------+---------+-------
